 BcadrenCrawl: Boulder Brew version 0.06-240-gf756cca71e (webtiles) character file.

Game seed: 9741448801954202878, levelgen mode: deterministic

3162 gruber the Lasher (level 9, -4/109 (111) HPs) Minotaur Berserker. Began on Aug 14, 2022. Was a High Priest of Trog. Slain by a wyvern (10 damage) ... on level 5 of the Dungeon. The game lasted 00:11:43 (4596 turns).

gruber the Lasher (Minotaur Berserker)              Turns: 4596, Time: 00:11:44

HP:   -4/109 (111)  AC:  4    Str: 33    XL:     9 ^: 1010
MP:   8/8           EV: 16    Int:  4    God:    Trog [5* [125]]
Gold: 193           SH:  3    Dex: 12    Spells: 8/8 levels left

rFire    . . .     Slash    .   b - +7 flail (molten)
rCold    . . .     Pierce   .   e - +0 buckler
rNeg     . . .     Bludgeon .   d - +0 scale mail
rCorr    . . .     Vision   .   (helmet restricted)
rPois    .         Gourm    .   (no cloak)
rElec    .         Faith    .   (no gloves)
MR       +++..     Spirit   .   (no boots)
HPRegen  3.75/turn Reflect  .   (no amulet)
MPRegen  0.18/turn Harm     .   n - ring of evasion Stlth ..........Rnd*Rage +
                                i - ring of strength

@: berserking, corroded, recuperating, badly diseased, lightly drained, very
quick
A: horns, retaliatory headbutt 2, soft flesh
a: Berserk, Trog's Hand, Brothers in Arms, Renounce Religion


You were on level 5 of the Dungeon.
You worshipped Trog.
Trog was extremely pleased with you.
You were not hungry.

You visited 1 branch of the dungeon, and saw 5 of its levels.

You collected 193 gold pieces.

Inventory:

Weapons
 b - a +7 flail of molten steel (weapon) Shields
 e - a +0 buckler (shield)
 f - a +0 heater shield
Armour
 d - a +0 scale mail (worn)
Jewellery
 a - an uncursed ring of positive energy
 h - an uncursed ring of intelligence
 i - a ring of strength (right hand)
 n - a ring of evasion (left hand)
Wands
 l - a wand of acid (2)
 s - a wand of flame (2)
Scrolls
 g - 2 scrolls of teleportation
 k - a scroll of bless item
 m - 2 scrolls of enchantment
 p - 3 scrolls of holy word
Potions
 j - a potion of curing
 r - 2 potions of might
Miscellaneous
 q - a fan of gales
Comestibles
 c - 16 rations
 o - a chunk of flesh


   Skills:
 - Level 5.2(4.9) Fighting
 - Level 11.0(10.6) Whips & Flails
 * Level 10.4(10.1) Armour
 - Level 2.1(1.9) Dodging
 - Level 5.5(5.2) Shields


You had 8 spell levels left.
You didn't know any spells.
Your spell library was empty.

Dungeon Overview and Level Annotations

Branches:
Dungeon (5/8)              Temple (0/1) D:4
   Lair: D:5

Altars:
Dithmenos
Gozag Ym Sagoz

Shops:
D:2 }

Annotations:
D:2 2 runed translucent doors, 2 transporters


Innate Abilities, Weirdness & Mutations

You reflexively attack those that strike you in melee with your horns.
((Your soft flesh is weak to deep cuts.
Heavy manmade armour will nullify this weakness. (rSlashing-)))
You frequently lose your temper in combat.
This godly rage surpasses even clarity. (*Rage)


Message History

Unknown command.
You thump the necrophage (8)! You burn the necrophage (8)!
The necrophage is heavily damaged. (11/27) HP You block the wyvern's attack.
Unknown command.
Unknown command.
You hit the necrophage (4). You burn the necrophage (4).
The necrophage is almost destroyed. (3/27) HP The necrophage hits you (6).
* * * LOW HITPOINT WARNING * * *
You feel ill.
You feel your flesh rotting away!
The wight hits you with a +0 dagger (1).
* * * LOW HITPOINT WARNING * * *
Unknown command.
You sock the necrophage (9)! You burn the necrophage (3).
You destroy the necrophage!
Trog accepts your kill. The wyvern bites you (10)!
You die...

... #..# #..# .b.
#..# #..# .... #..#
#..# ..... #..# #..#
.....##..# #..#
.........# #..#
......./.###..####..
..$...l@....<.......
.....#z.............
... #...##...#####.
. #...##...#
#...##...#
#...##...#
#...##...#
#...##...#


You could see a wyvern and a wight.

Vanquished Creatures
  A bone scorpion (D:4)
  A water moccasin (D:2)
  A necrophage (D:5)
  2 scorpions
  An ice beast (D:4)
  A sky beast (D:4)
  An ogre (D:3)
  3 big kobolds (D:2)
  A centaur (D:4)
  7 wights
  A hornet zombie (D:4)
  5 hounds
  5 orc priests
  9 jellies
  2 orc wizards
  An iguana (D:4)
  7 worker ants
  A wyvern skeleton (D:4)
  8 giant cockroaches
  A haearbwca (D:3)
  3 gnolls (D:4)
  A cysgobwca (D:4)
  11 adders
  3 gwybwcod
  28 sewer rats (D:2)
  6 worms
  7 cinder newts
  3 oozes
  5 bullfrogs
  A dart slug (D:3)
  7 leopard geckos
  14 orcs (D:3)
  2 adder skeletons
  8 ball pythons
  9 bats
  4 goblins (D:1)
  4 hobgoblins (D:1)
  A quokka (D:3)
  2 bat skeletons (D:2)
  A hobgoblin skeleton (D:2)
  2 jackal skeletons
  19 kobolds
  A kobold skeleton (D:2)
  2 orc skeletons (D:2)
  7 rats
  2 withered plants (D:2)
212 creatures vanquished.

Vanquished Creatures (collateral kills)
  A scorpion (D:4)
  3 wights (D:4)
  A hound (D:4)
  A gnoll (D:4)
  A bullfrog (D:4)
  2 orcs (D:4)
9 creatures vanquished.

Vanquished Creatures (others)
  A giant cockroach (D:2)
  A ball python (D:2)
  A bat (D:2)
  A rat (D:2)
  4 slimeheads (D:2)
  105 withered plants (D:2)
113 creatures vanquished.

Grand Total: 334 creatures vanquished

Notes
Turn   | Place    | Note
-------+----------+-------------------------------------------
     0 | D:1      | gruber the Minotaur Berserker began the quest for the Orb.
     0 | D:1      | Reached XP level 1. HP: 19/19 MP: 0/0
    45 | D:1      | Reached skill level 4 in Whips & Flails
    67 | D:1      | Reached XP level 2. HP: 23/26 MP: 1/1
   243 | D:1      | Reached skill level 5 in Whips & Flails
   243 | D:1      | Reached XP level 3. HP: 31/31 MP: 2/2
   398 | D:1      | Received a gift from Trog
   475 | D:1      | Reached ** piety under Trog
   517 | D:1      | Reached XP level 4. HP: 40/40 MP: 3/3
  1137 | D:2      | Found Wezxacwu's Gadget Shoppe.
  1137 | D:2      | Noticed a big kobold
  1143 | D:2      | Killed a big kobold
  1143 | D:2      | Reached skill level 6 in Whips & Flails
  1143 | D:2      | Reached XP level 5. HP: 47/47 MP: 4/4
  1187 | D:2      | Reached skill level 5 in Fighting
  1350 | D:2      | Reached skill level 7 in Whips & Flails
  1388 | D:2      | Reached XP level 6. HP: 7/56 MP: 5/5
  1576 | D:2      | Reached skill level 8 in Whips & Flails
  1578 | D:2      | Received a gift from Trog
  1603 | D:2      | Reached *** piety under Trog
  1696 | D:2      | Reached XP level 7. HP: 36/61 MP: 6/6
  1782 | D:2      | Reached skill level 9 in Whips & Flails
  1843 | D:2      | Reached skill level 1 in Shields
  1993 | D:2      | Reached skill level 10 in Whips & Flails
  1996 | D:2      | Found a runed translucent door.
  1996 | D:2      | Found a runed translucent door.
  1996 | D:2      | Found a transporter.
  1997 | D:2      | Found a transporter.
  2067 | D:2      | Reached **** piety under Trog
  2073 | D:2      | Reached XP level 8. HP: 25/68 MP: 7/7
  2290 | D:2      | Found an opulent altar of Gozag.
  2484 | D:2      | Reached skill level 11 in Whips & Flails
  2605 | D:2      | Received a gift from Trog
  3181 | D:3      | Reached skill level 5 in Shields
  3449 | D:3      | Reached ***** piety under Trog
  3644 | D:3      | Reached skill level 5 in Armour
  3927 | D:4      | Received a gift from Trog
  3927 | D:4      | Reached XP level 9. HP: 50/74 MP: 8/8
  3940 | D:4      | Found a shadowy altar of Dithmenos.
  4488 | D:4      | Found a staircase to the Ecumenical Temple.
  4508 | D:4      | Reached skill level 10 in Armour
  4581 | D:5      | Entered Level 5 of the Dungeon
  4595 | D:5      | HP: 5/111 [necrophage (6)]
  4596 | D:5      | Slain by a wyvern

Levels and vault maps discovered:
D:1:      heliophobic_arrival_glass_houses, layout_loops_ring, first_ration
D:2:      gammafunk_steamed_eel, layout_sewer, grunt_gozag_statues,
          serial_shops, nicolae_shop_statue_plus
D:3:      layout_basic
D:4:      layout_cross, minmay_temple_entry_proselytizer, basic_altar
D:5:      layout_long_grid, lair_entry_dummy, portal_ice_cave_entry_pillars_1,
          blue_anna_alchemist [blue_anna_fruit_fields, blue_anna_fruit_fields]

Skill      XL: |  1  2  3  4  5  6  7  8  9 |
---------------+----------------------------+-----
Whips & Flails | 4 5 6 7 8 10 11 | 11.0
Fighting       | 4 5 |  5.2
Shields        | 1 5 |  5.5
Armour         | 6 10 | 10.4
Dodging        | |  2.1

Action                   |  1- 3 |  4- 6 |  7- 9 || total
-------------------------+-------+-------+-------++-------
Melee: Whip              |    24 |       |       ||    24
       Unarmed           |    18 |     9 |       ||    27
       Headbutt          |     3 |     9 |    31 ||    43
       Flail             |    10 |    74 |   224 ||   308
Invok: Berserk           |     1 |     2 |     4 ||     7
       Trog's Hand       |       |     1 |     4 ||     5
       Brothers in Arms  |       |       |     1 ||     1
  Use: Potion            |       |     1 |       ||     1
  Eat: Chunk             |       |     5 |    13 ||    18
Armor: Animal skin       |     9 |       |       ||     9
       Scale mail        |     8 |    46 |    62 ||   116
Dodge: Dodged            |     5 |    37 |    80 ||   122
Block: Buckler           |       |     7 |    21 ||    28
